 Dungeon Crawl Stone Soup version 0.32-a0-576-g706899e69d (webtiles) character file.

Game seed: 16942011342002591112

1984804 Sobieck the Conqueror (level 27, 249/249 HPs)
             Began as a Coglin Hunter on Mar 1, 2024.
             Was a Follower of Uskayaw.
             Escaped with the Orb
             ... and 3 runes!
             The game lasted 01:45:03 (50786 turns).

Sobieck the Conqueror (Coglin Hunter)              Turns: 50786, Time: 01:45:04

Health: 249/249    AC: 13    Str: 12    XL:     27
Magic:  37/37      EV: 43    Int: 14    God:    Uskayaw [*.....]
Gold:   5508       SH:  0    Dex: 33    Spells: 26/26 levels left

rFire   + . .        j - +6 hand cannon (drain) {Josefina}
rCold   + . .        S - +9 hand cannon (heavy) {Juan}
rNeg    . . .        c - +1 robe of Vines {NoPotionHeal Regen++++}
rPois   .            m - +2 helmet
rElec   .            f - +2 cloak {rC+}
rCorr   .            b - +0 pair of gloves "Baafy" {Will+ Int+4 Dex+3 SInv}
SInv    +            M - +2 pair of boots
Will    ++++.        (amulet unavailable)
Stlth   ++           (ring unavailable)
HPRegen 3.81/turn    (ring unavailable)
MPRegen 0.25/turn    B - adeledicnander sprocket {rF+ Will+ Clar RMsl}

%: repel missiles, clarity
@: studying Ranged Weapons
A: off-hand wielding, slow wielding, warmup strikes, no jewellery
0: Orb of Zot
}: 3/15 runes: serpentine, barnacled, silver
a: Renounce Religion, Stomp


You escaped.
You worshipped Uskayaw.
Uskayaw was greatly pleased with you.
You visited 10 branches of the dungeon, and saw 50 of its levels.
You visited 1 bazaar.
You also visited: Bailey, Ice Cave, Wizlab and Desolation.

You collected 8439 gold pieces.
You spent 2931 gold pieces at shops.

Inventory:

Hand Weapons
 j - a +6 hand cannon of draining (weapon) {Josefina}
 S - a +9 heavy hand cannon (offhand) {Juan}
Armour
 b - the +0 pair of gloves "Baafy" (worn) {Will+ Int+4 Dex+3 SInv}
   (You took it off Nikola on level 1 of the Depths)

   Int+4:     It affects your intelligence (+4).
   Dex+3:     It affects your dexterity (+3).
   Will+:     It increases your willpower.
   SInv:      It lets you see invisible.
 c - the +1 robe of Vines (worn) {NoPotionHeal Regen++++}
   (You found it on level 8 of the Dungeon)

   NoPotionHeal: Its wearer cannot be healed by potions.
   Regen++++: It increases your rate of health regeneration.
 f - a +2 cloak of cold resistance (worn)
 m - a +2 helmet (worn)
 A - a +2 pair of gloves of stealth
 M - a +2 pair of boots (worn)
 N - a scarf of shadows
Gizmo
 B - an adeledicnander sprocket (installed) {rF+ Will+ Clar RMsl}
   (You invented it yourself on level 13 of the Dungeon)

   [adeledicnander sprocket]

   rF+:       It protects you from fire.
   Will+:     It increases your willpower.
   Clar:      It protects you from confusion, rage, mesmerisation and fear.
   RMsl:      It protects you from missiles.
Wands
 l - a wand of roots (83)
 p - a wand of mindburst (22)
 D - a wand of digging (17)
 E - a wand of polymorph (35)
 F - a wand of quicksilver (39)
 P - a wand of paralysis (84)
 V - a wand of flame (88)
Scrolls
 a - 8 scrolls of fear
 e - 4 scrolls of revelation
 g - 14 scrolls of poison
 i - 13 scrolls of fog
 r - 12 scrolls of enchant armour
 t - 2 scrolls of brand weapon
 u - 4 scrolls of noise
 y - a scroll of silence {!r}
 z - 10 scrolls of vulnerability
 C - 9 scrolls of summoning
 L - 4 scrolls of immolation
 R - 42 scrolls of identify
 T - 18 scrolls of teleportation
 Z - 6 scrolls of blinking
Potions
 d - 6 potions of berserk rage
 h - 5 potions of resistance
 k - 5 potions of enlightenment
 n - 15 potions of heal wounds
 o - 9 potions of brilliance
 q - 5 potions of magic
 s - 15 potions of mutation
 v - 6 potions of attraction
 w - 7 potions of ambrosia
 x - 10 potions of might
 G - 6 potions of invisibility
 H - 3 potions of haste
 I - 6 potions of cancellation
 Q - 31 potions of curing
 W - 3 potions of lignification
Miscellaneous
 J - a lightning rod (4/4)
 K - a phantom mirror
 O - a condenser vane
 U - a phial of floods
 X - a box of beasts


   Skills:
 O Level 27 Fighting
 - Level 20.0 Ranged Weapons
 - Level 24.0 Dodging
 - Level 9.0 Stealth
 + Level 20.2 Invocations
 - Level 15.0 Evocations


You had 26 spell levels left.
You didn't know any spells.
Your spell library contained the following spells:

 Spells                   Type           Power      Damage    Failure   Level
 Kiss of Death            Conj/Necr      0%         2d5       28%         1
 Magic Dart               Conj           0%         1d3       28%         1
 Necrotise                Necr           0%         1d4       28%         1
 Sandblast                Erth           0%         2d4       28%         1
 Slow                     Hex            0%         N/A       28%         1
 Sting                    Conj/Alch      0%         1d3       28%         1
 Summon Small Mammal      Summ           0%         N/A       28%         1
 Blink                    Tloc           0%         N/A       41%         2
 Call Imp                 Summ           0%         N/A       41%         2
 Lesser Beckoning         Tloc           0%         N/A       41%         2
 Mercury Vapours          Alch/Air       0%         N/A       41%         2
 Momentum Strike          Conj/Tloc      0%         3d8       41%         2
 Scorch                   Fire           0%         2d5       41%         2
 Searing Ray              Conj           0%         2d4       41%         2
 Static Discharge         Conj/Air       0%         3-3/arc   41%         2
 Sublimation of Blood     Necr           0%         N/A       41%         2
 Call Canine Familiar     Summ           0%         N/A       65%         3
 Confusing Touch          Hex            0%         N/A       65%         3
 Dazzling Flash           Conj/Hex       0%         N/A       65%         3
 Frozen Ramparts          Ice            0%         1d1       65%         3
 Gell's Gravitas          Tloc           0%         N/A       65%         3
 Hailstorm                Conj/Ice       0%         3d5       65%         3
 Inner Flame              Hex/Fire       0%         N/A       65%         3
 Mephitic Cloud           Conj/Alch/Air  0%         N/A       65%         3
 Passwall                 Erth           0%         N/A       65%         3
 Sigil of Binding         Hex            0%         N/A       65%         3
 Stone Arrow              Conj/Erth      0%         3d7       65%         3
 Summon Ice Beast         Ice/Summ       0%         N/A       65%         3
 Teleport Other           Tloc           0%         N/A       65%         3
 Tukima's Dance           Hex            0%         N/A       65%         3
 Vampiric Draining        Necr           0%         2d6       65%         3
 Volatile Blastmotes      Fire/Tloc      0%         2d10      65%         3
 Airstrike                Air            0%         2d(0-16)  96%         4
 Anguish                  Hex/Necr       0%         N/A       96%         4
 Animate Armour           Summ/Erth      0%         N/A       96%         4
 Brom's Barrelling Bould  Conj/Erth      0%         2d3       96%         4
 Cause Fear               Hex            0%         N/A       96%         4
 Dimensional Bullseye     Hex/Tloc       0%         N/A       96%         4
 Flame Wave               Conj/Fire      0%         2d4       96%         4
 Fulminant Prism          Conj/Alch      0%         3d5       96%         4
 Ignite Poison            Fire/Alch      0%         N/A       96%         4
 Iskenderun's Mystic Bla  Conj/Tloc      0%         2d3       96%         4
 Leda's Liquefaction      Alch/Erth      0%         N/A       96%         4
 Martyr's Knell           Necr/Summ      0%         N/A       96%         4
 Olgreb's Toxic Radiance  Alch           0%         N/A       96%         4
 Petrify                  Alch/Erth      0%         N/A       96%         4
 Sticky Flame             Fire/Alch      0%         2d4       96%         4
 Summon Blazeheart Golem  Fire/Summ      0%         N/A       96%         4
 Summon Lightning Spire   Summ/Air       0%         N/A       96%         4
 Vhi's Electric Charge    Tloc/Air       0%         N/A       96%         4
 Alistair's Intoxication  Alch           0%         N/A       100%        5
 Arcjolt                  Conj/Air       0%         1d10      100%        5
 Borgnjor's Vile Clutch   Necr/Erth      0%         N/A       100%        5
 Curse of Agony           Necr           0%         N/A       100%        5
 Fireball                 Conj/Fire      0%         3d3       100%        5
 Freezing Cloud           Conj/Ice/Air   0%         6-21      100%        5
 Irradiate                Conj/Alch      0%         3d11      100%        5
 Iskenderun's Battlesphe  Conj           0%         2d6       100%        5
 Lee's Rapid Deconstruct  Erth           0%         3d4*      100%        5
 Metabolic Englaciation   Hex/Ice        0%         N/A       100%        5
 Summon Forest            Summ/Tloc      0%         N/A       100%        5
 Summon Mana Viper        Hex/Summ       0%         N/A       100%        5
 Bombard                  Conj/Erth      0%         9d1       100%        6
 Conjure Ball Lightning   Conj/Air       0%         3x3d6     100%        6
 Eringya's Noxious Bog    Alch           0%         4d6       100%        6
 Sculpt Simulacrum        Ice/Alch       0%         N/A       100%        6
 Starburst                Conj/Fire      0%         6d3       100%        6
 Summon Cactus Giant      Summ           0%         N/A       100%        6
 Enfeeble                 Hex            0%         N/A       100%        7
 Haunt                    Necr/Summ      0%         N/A       100%        7
 Monstrous Menagerie      Summ           0%         N/A       100%        7
 Orb of Destruction       Conj           0%         9d5       100%        7
 Ozocubu's Refrigeration  Ice            0%         4d7       100%        7
 Summon Hydra             Summ           0%         N/A       100%        7
 Borgnjor's Revivificati  Necr           0%         N/A       100%        8
 Discord                  Hex            0%         N/A       100%        8
 Disjunction              Tloc           0%         N/A       100%        8
 Infestation              Necr           0%         N/A       100%        8
 Maxwell's Capacitive Co  Air            0%         ∞         100%        8
 Chain Lightning          Conj/Air       0%         N/A       100%        9
 Death's Door             Necr           0%         N/A       100%        9
 Dragon's Call            Summ           0%         N/A       100%        9
 Fire Storm               Conj/Fire      0%         5d1       100%        9
 Polar Vortex             Ice            0%         N/A       100%        9
 Shatter                  Erth           0%         3d5*      100%        9


Dungeon Overview and Level Annotations

Branches:
Dungeon (15/15)            Temple (0/1) D:5            Lair (5/5) D:9
 Shoals (4/4) Lair:2        Snake (4/4) Lair:3        Slime (0/5) Lair:5
    Orc (2/2) D:10            Elf (3/3) Orc:2        Vaults (5/5) D:14
  Crypt (3/3) Vaults:2       Tomb (0/3) Crypt:3      Depths (4/4) D:15
    Zot (5/5) Depths:4     Bailey (visited)           IceCv (visited)
 WizLab (visited)         Desolation (visited)

Altars:
Ashenzari
Cheibriados
Dithmenos
Elyvilon
Gozag
Kikubaaqudgha
Nemelex Xobeh
Okawaru
Qazlal
Trog
Uskayaw
Vehumet
Wu Jian
Xom
Yredelemnul
Zin
The Shining One
Beogh
Jiyva

Shops:
Orc:2 (?=*(   Elf:1 :   Shoals:1 (   Shoals:3 !   Snake:2 ?!   Vaults:1 *
Vaults:2 [   Vaults:4 (   Vaults:5 *   Zot:5 *   Depths:1 *(*?   Depths:2 *

Portals:
Hell: Depths:1 Depths:2 Depths:3 Depths:4
Abyss: Depths:2 Depths:3
Pandemonium: Orc:2 Depths:2 Depths:3 Depths:4
Ziggurat: Depths:3

Annotations:
Elf:2 3 runed translucent doors
Vaults:5 !DONO
Depths:1 4 transporters
Zot:1 1 transporter, 3 runed translucent doors, Herr's ghost, veteran MiBe
Zot:2 1 runed translucent door, adelrune's ghost, master CoHs
Zot:3 2 transporters, exclusion: orange crystal statue


Innate Abilities, Weirdness & Mutations

You can wield a second weapon in your off-hand.
It takes a long time for you to wield or remove held weapons.
Your first few attacks do less damage.
You cannot equip rings or amulets.


Message History

You drain the demonspawn blood saint.
The demonspawn blood saint is severely wounded.
You shoot a bolt.
The bolt hits the demonspawn blood saint!!!
You kill the demonspawn blood saint!
The demonspawn blood saint conjures a destructive force in the name of Makhleb!
The mass of ice explodes!
The iceblast engulfs you! You partially resist.
The fireball explodes!
The fireball engulfs you! You resist.
You can now pass through a line of other dancers.
You shoot a bolt.
The bolt hits the demonspawn blood saint!!!
The demonspawn blood saint is severely wounded.
You shoot a bolt.
The bolt hits the demonspawn blood saint!!
You drain the demonspawn blood saint.
The demonspawn blood saint is almost dead.
You shoot a bolt.
The bolt hits the demonspawn blood saint!!
You kill the demonspawn blood saint!
You shoot a bolt. The balrug gestures at you. Makhleb smites you!
Uskayaw will force your foes to helplessly watch your dance.
You shoot a bolt. The bolt hits the balrug.
The balrug is lightly wounded.
You shoot a bolt. The bolt hits the balrug!!!!
You kill the balrug!
No target in view!
No target in view!
No target in view!
What level of the Dungeon? (default 1, ? - help)
Things that are here:
a +0 dagger; a +0 robe
There is a stone staircase leading up here.
You climb upwards.
There is a stone staircase leading down here.
There is a stone staircase leading up here.
You climb upwards.
There is a stone staircase leading down here.
There is a stone staircase leading up here.
You climb upwards.
There is a stone staircase leading down here.
Unknown command.
A daeva comes into view.
It is wielding a +5 scimitar of holy wrath.
Danger!
Unknown command.
Unknown command.
There is a staircase leading out of the dungeon here.
Unknown command.
You have escaped!

#≈≈§§~..∩........###..#
#≈≈§~~............##...
#≈≈§§~............##..#
#≈~~§§.∩..........##..#
#≈~§§[..........⌠.##..#
#≈~§.§............##..#
#≈§§....♣..........#.))
#≈§§...............#..>
#≈~~..@............'.##
#≈~§§..............'...
#≈~§§...♣..........#...
#≈~§§.♣............#...
#≈≈§~.............##...
#≈≈~~.∩.........⌠.##.##
#≈≈~§§............##.#.
#≈≈~~~§.∩.........##.##
#≈≈≈§~§§..........##.##


There were no monsters in sight!

Vanquished Creatures
  3 dread liches
  2 orbs of fire (Zot:5)
  6 ancient liches
  2 juggernauts
  Xtahua (Vaults:3)
  Saint Roka (Snake:4)
  2 curse toes
  9 Killer Klowns
  9 golden dragons
  A pandemonium lord (D:4)
  Nikola (Depths:1)
  Jory (Vaults:2)
  2 doom hounds (Crypt:3)
  4 electric golems
  A hellephant (Depths:1)
  Rupert (Lair:5)
  7 tentacled monstrosities
  Jorgrun (Snake:2)
  A Brimstone Fiend (Depths:4)
  A shard shrike skeleton (Crypt:1)
  2 Ice Fiends
  3 deep elf blademasters
  11 quicksilver dragons
  Mlioglotl (Shoals:4)
  5 liches
  27 Orb Guardians
  3 titans (Vaults:5)
  4 deep elf master archers
  7 death cobs
  A kraken (Shoals:1)
  An ancient champion (Vaults:2)
  Grunn (Crypt:3)
  11 sphinxes
  3 thorn hunters (WizLab)
  8 shadow dragons
  2 revenants (Crypt:3)
  5 tengu reavers
  5 nagarajas (Snake:4)
  A daeva (Depths:1)
  10 fire giants
  Ilsuiw (Shoals:4)
  3 fenstrider witches (WizLab)
  Aizul (Snake:4)
  8 draconian knights
  4 protean progenitors
  4 draconian shifters
  8 storm dragons
  14 vault wardens
  2 ghost moths
  6 frost giants
  An imperial myrmidon (Desolation)
  Louise (D:15)
  7 deep elf sorcerers
  8 draconian monks
  2 balrugs
  A deep elf elementalist (Elf:3)
  7 draconian scorchers
  3 angels
  2 cacodemons
  A ghoul (Crypt:1)
  4 draconian stormcallers
  3 curse skulls
  2 orc warlords
  4 reapers
  2 demonspawn blood saints (D:4)
  11 draconian annihilators
  2 formless jellyfish
  3 spriggan defenders
  5 very ugly things
  18 stone giants
  12 deep elf demonologists
  13 ironbound preservers
  The ghost of Midpoint the Cleaver, a journeyman MDFi of Okawaru (Lair:3)
  8 vampire knights
  2 ironbound thunderhulks
  6 deep elf death magi
  An eleionoma (WizLab)
  A juggernaut skeleton (Crypt:3)
  12 yellow draconians
  7 war gargoyles
  15 green draconians
  13 black draconians
  15 dire elephants
  2 pale draconians (Depths:4)
  17 purple draconians
  13 white draconians
  6 deep elf annihilators
  15 red draconians
  The ghost of Totiof the Covert, a journeyman HuWn of Dithmenos (Lair:3)
  A halazid warlock (Desolation)
  8 spark wasps
  4 eidola
  Snorg (Lair:5)
  6 ettins
  11 merfolk impalers
  2 merfolk javelineers
  A green death (D:6)
  9 jiangshi
  6 crystal guardians
  12 yaktaur captains
  A fenstrider witch zombie (Crypt:2)
  12 fire dragons
  2 entropy weavers (Vaults:3)
  5 great orbs of eyes
  8 ragged hierophants (Desolation)
  3 shambling mangroves (WizLab)
  7 ice dragons
  4 deep elf high priests
  7 rakshasas
  A caustic shrike simulacrum (IceCv)
  6 hydras
  2 demonspawn (Orc:2)
  8 peacekeepers
  28 vault guards
  2 spriggan air magi
  An ogre mage (D:15)
  2 spriggan skeletons (Crypt:3)
  7 servants of whispers (Desolation)
  3 ghost crabs (Crypt:3)
  8 ironbound frosthearts
  16 anacondas
  3 merfolk avatars
  18 centaur warriors
  18 dancing weapons
  A jorogumo (Zot:1)
  4 tengu warriors
  A sphinx skeleton (Vaults:4)
  10 boulder beetles
  11 two-headed ogres
  2 death yaks (Lair:5)
  4 death knights
  2 hell hogs (Depths:1)
  The ghost of Pooter the Cleaver, a novice DsBe of Trog (D:7)
  3 merfolk aquamancers
  An occultist (D:15)
  4 satyrs
  7 orc high priests (Orc:2)
  5 deep troll earth magi
  3 spriggan berserkers
  A titan zombie (Crypt:2)
  12 vampire magi
  8 deep troll shamans
  4 spriggans
  3 hell knights
  17 naga warriors
  4 sun demons (Zot:5)
  14 naga sharpshooters
  3 soul eaters
  5 shock serpents
  16 deep elf knights
  3 salamander mystics
  A spectral death yak (Lair:5)
  2 fire crabs
  3 iron trolls
  A titan skeleton (Crypt:2)
  3 skysharks
  2 glowing orange brains
  A death drake (shapeshifter) (Vaults:5)
  3 shadow wraiths
  47 deep trolls
  8 mana vipers
  A spectral anaconda (Lair:5)
  22 skeletal warriors
  A sea snake (shapeshifter) (Depths:2)
  3 swamp dragons (Depths:4)
  A bog body (IceCv)
  7 arcanists
  A deep troll (shapeshifter) (Vaults:5)
  4 naga ritualists
  17 flayed ghosts
  4 spriggan simulacra (IceCv)
  18 deep elf archers
  21 ironbound convokers
  5 obsidian statues
  20 harpies
  17 sea snakes
  Pikel (D:5)
  27 deep elf zephyrmancers
  An elf skeleton (Vaults:4)
  A wolf spider (D:10)
  9 necromancers
  A harpy (shapeshifter) (D:12)
  16 phantasmal warriors
  17 orc knights
  18 lindwurms
  21 deep elf pyromancers
  A fire giant zombie (Vaults:4)
  3 oklob plants
  12 manticores
  7 orc sorcerers
  25 ugly things
  10 cyclopes
  An alligator skeleton (Crypt:1)
  22 fauns
  A cyclops (shapeshifter) (Depths:3)
  17 salamanders
  2 shadow dragon skeletons
  3 kobold blastminers (Orc:2)
  14 moths of wrath
  A guardian serpent (shapeshifter) (Vaults:5)
  A meliai (D:10)
  10 guardian serpents
  10 elephants
  27 vault sentinels
  A rust devil (Depths:3)
  A titan simulacrum (Crypt:2)
  A centaur zombie (D:15)
  9 merfolk sirens
  17 naga magi
  A large abomination (D:4)
  4 water nymphs
  5 gargoyles
  2 smoke demons
  A torpor snail (Lair:1)
  31 black mambas
  2 dire elephant skeletons (Lair:5)
  4 molten gargoyles
  A yaktaur zombie (Vaults:4)
  A kobold demonologist (D:10)
  A cane toad (shapeshifter) (Depths:3)
  A catoblepas zombie (Crypt:1)
  2 rime drakes
  15 cane toads
  An unseen horror (D:10)
  2 orange demons
  An unseen horror (shapeshifter) (Depths:3)
  A centaur skeleton (Crypt:3)
  A naga skeleton (Crypt:3)
  Jeremiah (D:7)
  8 komodo dragons
  An efreet (D:15)
  14 freezing wraiths
  A minotaur skeleton (Crypt:2)
  A golden dragon simulacrum (IceCv)
  A red devil (Orc:2)
  6 tengu conjurers
  34 yaktaurs
  A guardian mummy (Crypt:3)
  7 ice devils
  A queen bee (D:14)
  4 hellwings
  3 polar bears (Lair:5)
  A wolf spider simulacrum (D:15)
  22 merfolk
  6 hornets
  18 trolls
  4 wind drakes
  53 saltlings (Desolation)
  A raiju (D:14)
  2 alligator simulacra (IceCv)
  A harpy skeleton (D:15)
  13 dream sheep
  3 glass eyes
  A human simulacrum (Vaults:4)
  7 blink frogs
  13 snapping turtles
  3 fire dragon skeletons (Crypt:3)
  A jumping spider (Vaults:3)
  45 slime creatures
  4 air elementals
  10 shadows
  A vampire (D:10)
  A centaur simulacrum (D:10)
  A hog (shapeshifter) (Depths:3)
  11 water elementals
  17 wraiths
  6 wyverns
  Eustachio (D:5)
  A black mamba skeleton (Crypt:3)
  A dire elephant simulacrum (Lair:5)
  An ushabti (Crypt:3)
  A satyr skeleton (Crypt:2)
  A warg (Snake:4)
  A fire elemental (Elf:3)
  53 yaks
  6 basilisks
  A minotaur simulacrum (IceCv)
  7 steam dragons
  13 vampire mosquitoes
  A harpy simulacrum (IceCv)
  54 nagas
  A demonspawn zombie (Crypt:2)
  2 spectral cane toads (Lair:5)
  4 acid dragons
  A merfolk skeleton (Crypt:1)
  13 water moccasins
  A sky beast (D:8)
  A water nymph skeleton (Crypt:2)
  3 ice beasts
  A hornet zombie (Crypt:1)
  22 laughing skulls
  58 orc warriors
  3 black bears
  A sky beast (shapeshifter) (D:14)
  6 boggarts
  14 wolves
  3 ogres
  3 phantoms
  A swamp dragon skeleton (Crypt:3)
  A lemure (D:5)
  11 centaurs
  2 elephant skeletons (Lair:5)
  3 kobold brigands
  Blork the orc (D:5)
  13 bullfrogs
  A salamander skeleton (Crypt:1)
  2 gnoll sergeants
  6 scorpions
  3 deep troll simulacra (IceCv)
  2 cane toad simulacra (Lair:5)
  A water moccasin skeleton (Crypt:2)
  A warg skeleton (Crypt:1)
  A wight (D:10)
  A polar bear zombie (Crypt:2)
  16 killer bees
  An elephant simulacrum (Lair:5)
  5 electric eels (Lair:2)
  11 howler monkeys
  3 lava snakes (Lair:3)
  2 bombardier beetles
  2 hounds
  6 jellies
  3 gnoll boudas
  26 orc priests
  Jessica (D:3)
  2 sleepcaps
  Terence (D:2)
  46 orc wizards
  8 mummies (Crypt:3)
  Robin (D:2)
  18 gnolls
  5 adders
  A shadow imp (D:5)
  2 white imps
  4 ufetubi
  2 iguana zombies
  An adder zombie (Crypt:1)
  5 dart slugs
  3 ribbon worms
  110 orcs
  3 ball pythons
  3 endoplasms
  4 giant cockroaches
  17 goblins
  10 hobgoblins
  5 quokkas
  2 bats
  A frilled lizard (D:1)
  A goblin skeleton (Crypt:2)
  A jackal zombie (Crypt:2)
  14 kobolds
  A quokka skeleton (Crypt:2)
  5 rats (D:1)
  2 aspiring fleshes
  4 tentacles (Shoals:1)
2460 creatures vanquished.

Vanquished Creatures (others)
  An ice dragon (Depths:4)
  An ogre (D:5)
  A centaur (D:5)
  An orc wizard (Orc:2)
  7 tentacles (Shoals:1)
11 creatures vanquished.

Grand Total: 2471 creatures vanquished

Notes
Turn   | Place    | Note
-------+----------+-------------------------------------------
     0 | D:1      | Sobieck the Coglin Hunter began the quest for the Orb.
     0 | D:1      | Reached XP level 1. HP: 16/16 MP: 1/1
    85 | D:1      | Reached skill level 1 in Stealth
    85 | D:1      | Reached XP level 2. HP: 22/22 MP: 2/2
   247 | D:1      | Reached XP level 3. HP: 28/28 MP: 3/3
   454 | D:2      | Noticed Robin
   495 | D:2      | Killed Robin
   732 | D:2      | Found a faded altar of an unknown god.
   840 | D:2      | Prayed at the altar of an unknown god.
   840 | D:2      | Became a worshipper of Uskayaw the Reveller
   840 | D:2      | Reached * piety under Uskayaw
   972 | D:2      | Identified the +2 ring mail "Ririr" {rCorr Int+3}
   974 | D:2      | Reached ** piety under Uskayaw
   976 | D:2      | Reached XP level 4. HP: 34/34 MP: 4/4
  1011 | D:2      | Noticed Terence
  1018 | D:2      | Killed Terence
  1183 | D:3      | Noticed Jessica
  1186 | D:3      | Killed Jessica
  1187 | D:3      | Reached XP level 5. HP: 33/40 MP: 5/5
  1334 | D:3      | Reached *** piety under Uskayaw
  1336 | D:3      | Reached skill level 3 in Fighting
  1368 | D:3      | Found an iron altar of Okawaru.
  1609 | D:3      | Found a hide-covered altar of Uskayaw.
  1720 | D:3      | Reached skill level 1 in Invocations
  2049 | D:4      | Reached **** piety under Uskayaw
  2051 | D:4      | Reached XP level 6. HP: 47/47 MP: 6/6
  2120 | D:4      | Reached skill level 3 in Dodging
  2655 | D:5      | Entered Level 5 of the Dungeon
  2656 | D:5      | Noticed Pikel
  2857 | D:5      | Reached XP level 7. HP: 35/53 MP: 8/8
  2899 | D:5      | Reached skill level 4 in Fighting
  2931 | D:5      | Killed Pikel
  2932 | D:5      | Reached skill level 6 in Ranged Weapons
  2932 | D:5      | Reached skill level 3 in Invocations
  2932 | D:5      | Reached XP level 8. HP: 22/61 MP: 8/10
  3080 | D:5      | Found a staircase to the Ecumenical Temple.
  3126 | D:5      | Noticed Eustachio
  3137 | D:5      | Killed Eustachio
  3138 | D:5      | Reached skill level 5 in Fighting
  3190 | D:5      | Noticed Blork the orc
  3192 | D:5      | Killed Blork the orc
  3200 | D:5      | Reached ***** piety under Uskayaw
  3239 | D:5      | Found a sparkling altar of Nemelex Xobeh.
  3434 | D:5      | Found a shimmering altar of Xom.
  3436 | D:5      | Reached XP level 9. HP: 69/69 MP: 12/12
  3645 | D:6      | Reached skill level 6 in Fighting
  3697 | D:6      | Found a broken altar of Ashenzari.
  4005 | D:6      | Reached skill level 9 in Ranged Weapons
  4219 | D:7      | Found a transporter.
  4223 | D:7      | Noticed Pooter's ghost (novice DsBe)
  4317 | D:7      | Reached skill level 7 in Fighting
  4476 | D:7      | Noticed a hornet
  4481 | D:7      | Killed a hornet
  4482 | D:7      | Reached XP level 10. HP: 79/79 MP: 12/14
  4601 | D:7      | Found a transporter.
  4801 | D:7      | Found a glowing silver altar of Zin.
  4847 | D:7      | Found an ornate altar of the Wu Jian Council.
  4860 | D:7      | Identified the +9 sling "Vetusid" {elec, Int+2 Dex+4}
  4972 | D:7      | Noticed Jeremiah
  4976 | D:7      | Killed Jeremiah
  5021 | D:8      | Noticed a seven-headed hydra
  5061 | D:8      | Killed a seven-headed hydra
  5062 | D:8      | Reached skill level 6 in Invocations
  5113 | D:8      | Reached ****** piety under Uskayaw
  5118 | D:8      | Reached skill level 8 in Fighting
  5318 | D:8      | Found a flagged portal.
  5329 | Bailey   | Entered a bailey
  5436 | Bailey   | Reached XP level 11. HP: 87/87 MP: 15/15
  5512 | D:8      | Noticed a cyclops
  5514 | D:8      | Killed a cyclops
  5661 | D:8      | Found a snail-covered altar of Cheibriados.
  5713 | D:8      | Found the +1 robe of Vines {NoPotionHeal Regen++++}
  6008 | D:9      | Noticed a two-headed ogre
  6014 | D:9      | Killed a two-headed ogre
  6218 | D:9      | Reached skill level 9 in Fighting
  6262 | D:9      | Noticed a two-headed ogre
  6272 | D:9      | Killed a two-headed ogre
  6273 | D:9      | Reached skill level 12 in Ranged Weapons
  6370 | D:9      | Found a staircase to the Lair.
  6645 | D:10     | Entered Level 10 of the Dungeon
  6657 | D:10     | Reached skill level 10 in Fighting
  6688 | D:10     | Found a stormy altar of Qazlal.
  6743 | D:10     | Found a staircase to the Orcish Mines.
  6828 | D:10     | Found an opulent altar of Gozag.
  6878 | D:10     | Found a shadowy altar of Dithmenos.
  7056 | D:10     | Noticed a four-headed hydra
  7056 | D:10     | Noticed a flayed ghost
  7056 | D:10     | Noticed a red ugly thing
  7056 | D:10     | Noticed a manticore
  7056 | D:10     | Noticed a fire crab
  7171 | D:10     | Killed a four-headed hydra
  7172 | D:10     | Reached skill level 11 in Fighting
  7188 | D:10     | Killed a red ugly thing
  7192 | D:10     | Killed a manticore
  7232 | D:10     | Paralysed by a hornet for 1 turns
  7235 | D:10     | Reached XP level 12. HP: 80/100 MP: 17/17
  7252 | D:10     | Found a radiant altar of Vehumet.
  7304 | D:10     | Noticed a stone giant
  7304 | D:10     | Noticed a tengu warrior
  7307 | D:10     | Reached skill level 12 in Fighting
  7312 | D:10     | Killed a stone giant
  7313 | D:10     | Reached skill level 1 in Evocations
  7315 | D:10     | Killed a tengu warrior
  7464 | D:10     | Noticed a deep troll earth mage
  7464 | D:10     | Noticed a centaur warrior
  7571 | D:10     | Noticed a six-headed hydra
  7571 | D:10     | Noticed a tengu warrior
  7578 | D:10     | Reached skill level 3 in Evocations
  7633 | D:10     | Killed a tengu warrior
  7647 | D:10     | Killed a deep troll earth mage
  7665 | D:10     | Killed a centaur warrior
  7666 | D:10     | Reached skill level 3 in Stealth
  7688 | D:10     | Identified the staff "Gestaed" {*Slow rC+ Will+ MP+9 Dex+3
                  | Ice}
  7703 | D:10     | Killed a six-headed hydra
  7737 | D:10     | Noticed a two-headed ogre
  7741 | D:10     | Killed a two-headed ogre
  7909 | D:11     | Reached XP level 13. HP: 109/109 MP: 18/18
  7927 | D:11     | Reached skill level 6 in Evocations
  8179 | D:11     | Found a large runed translucent door.
  8180 | D:11     | Found a large runed translucent door.
  8201 | D:11     | Reached skill level 13 in Fighting
  8270 | D:11     | Found a large runed translucent door.
  8270 | D:11     | Found a large runed translucent door.
  9456 | D:13     | Reached skill level 9 in Invocations
  9463 | D:13     | Identified the +9 spear "Ifud" {venom, rF++ Will- Int+3}
  9581 | D:13     | Reached skill level 9 in Evocations
  9633 | D:13     | Reached XP level 14. HP: 100/119 MP: 20/20
  9633 | D:13     | Acquired an adeledicnander sprocket {rF+ Will+ Clar RMsl}
  9824 | D:13     | Reached skill level 14 in Fighting
 10294 | D:14     | Found a sparkling altar of Nemelex Xobeh.
 10382 | D:14     | Reached skill level 15 in Fighting
 10573 | D:14     | Found a gate to the Vaults.
 11120 | D:15     | Entered Level 15 of the Dungeon
 11602 | D:15     | Reached XP level 15. HP: 129/129 MP: 22/22
 11635 | D:15     | Found a staircase to the Depths.
 11720 | D:15     | Noticed Louise
 11733 | D:15     | Killed Louise
 12139 | Orc:1    | Entered Level 1 of the Orcish Mines
 12296 | Orc:2    | Entered Level 2 of the Orcish Mines
 12574 | Orc:2    | Found a roughly hewn altar of Beogh.
 12703 | Orc:2    | Found a staircase to the Elven Halls.
 12755 | Orc:2    | Found Noittotu's General Store.
 12756 | Orc:2    | Found Xiwod's Magic Scroll Emporium.
 12816 | Orc:2    | Bought a scroll of blinking for 105 gold pieces
 12939 | Orc:2    | Reached skill level 6 in Stealth
 12969 | Orc:2    | Found Omugguj's Antique Weapon Boutique.
 12969 | Orc:2    | Found Coiff's Jewellery Shop.
 12970 | Orc:2    | Found a one-way gate leading to the halls of Pandemonium.
 13150 | Orc:2    | Found Boseun's Weapon Shop.
 13156 | Orc:2    | Reached skill level 12 in Evocations
 13670 | Orc:2    | Bought a scroll of teleportation for 42 gold pieces
 13753 | Lair:1   | Entered Level 1 of the Lair of Beasts
 14049 | Lair:1   | Identified a scroll of acquirement
 14060 | Lair:1   | Acquired a +0 hand cannon of flaming
 14644 | Orc:2    | Bought a scroll of enchant weapon for 105 gold pieces
 15007 | Lair:2   | Reached XP level 16. HP: 138/138 MP: 23/23
 15043 | Lair:2   | Reached skill level 16 in Fighting
 15165 | Lair:2   | Found a staircase to the Shoals.
 15346 | Lair:3   | Found a runed translucent gate.
 15346 | Lair:3   | Found a runed translucent gate.
 15347 | Lair:3   | Found a runed translucent gate.
 15348 | Lair:3   | Noticed Midpoint's ghost (journeyman MDFi)
 15349 | Lair:3   | Noticed Totiof's ghost (journeyman HuWn)
 15550 | Lair:3   | Reached skill level 15 in Ranged Weapons
 15781 | Lair:3   | Found a staircase to the Snake Pit.
 17120 | Lair:5   | Entered Level 5 of the Lair of Beasts
 17126 | Lair:5   | Noticed Rupert
 17139 | Lair:5   | Killed Rupert
 17195 | Lair:5   | Noticed Snorg
 17199 | Lair:5   | Killed Snorg
 17309 | Lair:5   | Reached skill level 6 in Dodging
 17807 | Lair:5   | Found the +7 hand cannon "Mule" {flame, backblast, rF+}
 18050 | Lair:5   | Found a staircase to the Slime Pits.
 18050 | Lair:5   | Found a viscous altar of Jiyva.
 18351 | Shoals:1 | Entered Level 1 of the Shoals
 18617 | Shoals:1 | Reached XP level 17. HP: 145/145 MP: 25/25
 18631 | Shoals:1 | Found Hobbuduhu's Antique Weapon Shoppe.
 18754 | Shoals:1 | Noticed a kraken
 18778 | Shoals:1 | Killed a kraken
 18848 | Shoals:1 | Identified the +0 halberd of Butchery {holy, *Noise rPois
                  | rC- Dex+6}
 19754 | Shoals:3 | Found Qytzytz's Distillery.
 20211 | Shoals:4 | Entered Level 4 of the Shoals
 20216 | Shoals:4 | Paralysed by a formless jellyfish for 1 turns
 20228 | Shoals:4 | Reached skill level 17 in Fighting
 20363 | Shoals:4 | Noticed Mlioglotl
 20366 | Shoals:4 | Killed Mlioglotl
 20493 | Shoals:4 | Reached skill level 9 in Stealth
 20656 | Shoals:4 | Noticed Ilsuiw
 20664 | Shoals:4 | Killed Ilsuiw
 20665 | Shoals:4 | Reached skill level 15 in Evocations
 20701 | Shoals:4 | Reached XP level 18. HP: 155/155 MP: 26/26
 20866 | Shoals:4 | Got a barnacled rune of Zot
 21131 | Snake:1  | Entered Level 1 of the Snake Pit
 21302 | Snake:1  | Reached skill level 9 in Dodging
 22126 | Snake:1  | Identified the +5 falchion "Jotic" {vamp, rPois rF+}
 22248 | Snake:1  | Reached skill level 18 in Fighting
 22671 | Snake:2  | Noticed Jorgrun
 22676 | Snake:2  | Killed Jorgrun
 22786 | Snake:2  | Found Peamucon's Distillery.
 22791 | Snake:2  | Found Lupu Dist's Magic Scroll Emporium.
 22798 | Snake:2  | Bought a scroll of enchant weapon for 127 gold pieces
 22798 | Snake:2  | Bought a scroll of enchant weapon for 127 gold pieces
 23624 | Snake:4  | Entered Level 4 of the Snake Pit
 23640 | Snake:4  | Identified the serpent talisman "Oxoyvu" {rF+ Str+3 Dex+4}
 23640 | Snake:4  | Noticed Aizul
 23645 | Snake:4  | Killed Aizul
 23661 | Snake:4  | Reached XP level 19. HP: 144/163 MP: 27/27
 23803 | Snake:4  | Reached skill level 12 in Dodging
 23870 | Snake:4  | Found a flickering gateway to a bazaar.
 23884 | Bazaar   | Entered a bazaar
 23886 | Bazaar   | Found Oqu Xaos's Jewellery Boutique.
 23890 | Bazaar   | Found Lyepigre's Antique Weapon Boutique.
 23890 | Bazaar   | Found Basel's Assorted Antiques.
 23891 | Bazaar   | Found Wizoet's General Store.
 23919 | Bazaar   | Bought a scroll of blinking for 90 gold pieces
 23919 | Bazaar   | Bought a scroll of enchant weapon for 90 gold pieces
 23974 | Snake:4  | Found a glacial archway.
 23994 | IceCv    | Entered an ice cave
 24149 | IceCv    | Noticed an Ice Fiend
 24153 | IceCv    | Killed an Ice Fiend
 24307 | Snake:4  | Found an ancient bone altar of Kikubaaqudgha.
 24491 | Snake:4  | Noticed Saint Roka
 24502 | Snake:4  | Killed Saint Roka
 24695 | Snake:4  | Got a serpentine rune of Zot
 25603 | Elf:1    | Entered Level 1 of the Elven Halls
 25831 | Elf:1    | Reached skill level 18 in Ranged Weapons
 25831 | Elf:1    | Found a huge runed translucent gate.
 25832 | Elf:1    | Found a huge runed translucent gate.
 25833 | Elf:1    | Found a huge runed translucent gate.
 25836 | Elf:1    | Found a huge runed translucent gate.
 25836 | Elf:1    | Found a huge runed translucent gate.
 25837 | Elf:1    | Found a huge runed translucent gate.
 25838 | Elf:1    | Found a huge runed translucent gate.
 25838 | Elf:1    | Found a huge runed translucent gate.
 25839 | Elf:1    | Found a huge runed translucent gate.
 25839 | Elf:1    | Found a huge runed translucent gate.
 25839 | Elf:1    | Found a huge runed translucent gate.
 25839 | Elf:1    | Found a huge runed translucent gate.
 25840 | Elf:1    | Found a huge runed translucent gate.
 25840 | Elf:1    | Found a huge runed translucent gate.
 25840 | Elf:1    | Found a huge runed translucent gate.
 26141 | Elf:1    | Reached XP level 20. HP: 170/170 MP: 28/28
 26322 | Elf:1    | Found Pazymaso's One-of-a-Kind Books.
 26709 | Elf:2    | Found a magical portal.
 26721 | WizLab   | Entered Eringya's Formal Garden
 27018 | WizLab   | Found a blossoming altar of Fedhas.
 27370 | Elf:2    | Found a runed translucent gate.
 27371 | Elf:2    | Found a runed translucent gate.
 27371 | Elf:2    | Found a runed translucent gate.
 27631 | Elf:3    | Entered Level 3 of the Elven Halls
 28365 | Elf:3    | Paralysed by an air elemental for 1 turns
 28384 | Elf:3    | Reached XP level 21. HP: 178/178 MP: 29/29
 28430 | Elf:3    | Identified the +4 quarterstaff of Ceantoc {flame, rN++}
 28468 | Elf:3    | Identified the +2 hand axe "Inaenuaf" {heavy, rF++ Will-}
 28516 | Elf:3    | Identified the +0 chain mail "Fozamuwy" {rCorr}
 28529 | Elf:3    | Identified the +4 morningstar of Delightful Optimality
                  | {freeze, Int+3}
 28544 | Elf:3    | Got the Catalogue of Necromancy
 28552 | Elf:3    | Identified the +5 sling of Lies {freeze, Int+6}
 28567 | Elf:3    | Identified the +7 falchion "Reyhi" {flame, rElec Dex+3}
 28896 | Vaults:1 | Entered Level 1 of the Vaults
 29073 | Vaults:1 | Reached skill level 12 in Invocations
 29178 | Vaults:1 | Reached skill level 15 in Dodging
 29271 | Vaults:1 | Found Niysasol's Assorted Antiques.
 29276 | Vaults:1 | Bought a scroll of blinking for 195 gold pieces
 29276 | Vaults:1 | Bought a scroll of revelation for 195 gold pieces
 29276 | Vaults:1 | Bought a potion of curing for 78 gold pieces
 29276 | Vaults:1 | Bought a phial of floods for 1040 gold pieces
 29364 | Vaults:1 | Reached skill level 19 in Fighting
 30325 | Vaults:2 | Found Roaqiric's Armour Shop.
 30432 | Vaults:2 | Found a crumbling gateway.
 30447 | Vaults:2 | Found a glowing silver altar of Zin.
 30447 | Vaults:2 | Found a glowing golden altar of the Shining One.
 30448 | Vaults:2 | Found a white marble altar of Elyvilon.
 30454 | Desolati | Entered the Desolation of Salt
 30578 | Desolati | Found the +6 lightning scales {swift, rElec}
 30699 | Desolati | Identified the +7 lajatang of Makhleb's Delight {antimagic,
                  | *Noise rF+ Str+3}
 30722 | Desolati | Identified the +4 dagger of Urolyt {venom, rF++ Dex+2}
 30748 | Desolati | Identified the +0 scale mail "Rorgh" {-Cast Harm rElec
                  | Will++}
 30825 | Desolati | Reached XP level 22. HP: 176/189 MP: 31/31
 30935 | Desolati | Got Sif Muna's Atlas of Scorching Fog
 30940 | Desolati | Got Sif Muna's Secrets of Calid Allies
 31408 | Vaults:2 | Noticed Jory
 31411 | Vaults:2 | Killed Jory
 31578 | Vaults:2 | Reached skill level 20 in Fighting
 32033 | Vaults:2 | Found a staircase to the Crypt.
 32033 | Vaults:2 | Found an ancient bone altar of Kikubaaqudgha.
 32034 | Vaults:2 | Found a basalt altar of Yredelemnul.
 32376 | Vaults:3 | Noticed Xtahua
 32382 | Vaults:3 | Killed Xtahua
 32389 | Vaults:3 | Reached skill level 15 in Invocations
 32688 | Vaults:3 | Reached skill level 21 in Fighting
 33291 | Vaults:4 | Reached XP level 23. HP: 202/202 MP: 34/34
 33451 | Vaults:4 | Reached skill level 22 in Fighting
 33544 | Vaults:4 | Noticed an ancient lich
 33552 | Vaults:4 | Killed an ancient lich
 33859 | Vaults:4 | Found Faga Wio's Antique Weapon Shop.
 34439 | Vaults:5 | Entered Level 5 of the Vaults
 34612 | Vaults:5 | Identified the +4 trident "Nuhaugicw" {elec, rC++ rCorr
                  | Str-4 Stlth+}
 34638 | Vaults:5 | Identified the staff of Luxury {rElec rF+ rN+ Dex-5 Tloc
                  | Fire}
 34863 | Vaults:5 | Reached skill level 18 in Invocations
 34869 | Vaults:5 | Noticed a golden dragon
 34874 | Vaults:5 | Killed a golden dragon
 34947 | Vaults:5 | Got a silver rune of Zot
 35185 | Vaults:5 | Identified the +0 robe of Jeociwuf {rCorr MP+9}
 35192 | Vaults:5 | Identified the staff of the Land of Plenty {rN+ Int+3
                  | Stlth+ Necro}
 35202 | Vaults:5 | Identified the +5 chain mail of Dawn {rElec rC+++ Str-5
                  | Dex+4}
 35508 | Vaults:5 | Found Cifemmoa's Assorted Antiques.
 35515 | Vaults:5 | Bought a scroll of noise for 38 gold pieces
 35519 | Vaults:5 | Identified the +0 buckler "Moqeaf" {rC+ Will+}
 35549 | Vaults:5 | Identified the +11 quarterstaff of the Brewing Gods {pain,
                  | rElec rC+ Dex+4}
 35549 | Vaults:5 | Identified the +0 plate armour of Gourghame {Harm rPois
                  | Dex+2}
 35553 | Vaults:5 | Reached XP level 24. HP: 208/209 MP: 36/36
 36028 | D:7      | Killed Pooter's ghost
 36283 | D:11     | Identified the +8 whip "Ufroghibb" {flame, *Rage rPois
                  | Int+4}
 36484 | Lair:3   | Killed Midpoint's ghost
 36486 | Lair:3   | Killed Totiof's ghost
 36762 | Crypt:1  | Entered Level 1 of the Crypt
 36762 | Crypt:1  | Found a basalt altar of Yredelemnul.
 36976 | Vaults:2 | Reached skill level 18 in Dodging
 37138 | Crypt:1  | Identified the ring of Beauty {rF+++ Will+ Str+3 Dex+6}
 38408 | Crypt:3  | Entered Level 3 of the Crypt
 38949 | Crypt:3  | Got the Verses on Abhorrent Spells
 39408 | Crypt:3  | Noticed Grunn
 39413 | Crypt:3  | Killed Grunn
 39429 | Crypt:3  | Found a staircase to the Tomb.
 39442 | Crypt:3  | Noticed an ancient lich
 39446 | Crypt:3  | Killed an ancient lich
 39509 | Crypt:3  | Noticed a dread lich
 39519 | Crypt:3  | Killed a dread lich
 39631 | Crypt:3  | Noticed an ancient lich
 39634 | Crypt:3  | Killed an ancient lich
 40306 | Depths:1 | Entered Level 1 of the Depths
 40370 | Depths:1 | Reached XP level 25. HP: 219/219 MP: 36/36
 40413 | Depths:1 | Identified the +0 pair of gloves "Baafy" {Will+ Int+4 Dex+3
                  | SInv}
 40413 | Depths:1 | Noticed Nikola
 40419 | Depths:1 | Killed Nikola
 40420 | Depths:1 | Reached skill level 23 in Fighting
 40572 | Depths:1 | Found Full's Assorted Antiques.
 40580 | Depths:1 | Bought a pair of runed boots for 360 gold pieces
 40601 | Depths:1 | Found Pyshroil's Antique Weapon Shop.
 40728 | Depths:1 | Found a transporter.
 40729 | Depths:1 | Found a transporter.
 40732 | Depths:1 | Found a transporter.
 40747 | Depths:1 | Found a transporter.
 40826 | Depths:1 | Found Pykhli Qiosk's Assorted Antiques.
 40827 | Depths:1 | Found Vimipyji's Magic Scroll Shop.
 40831 | Depths:1 | Bought a scroll of blinking for 165 gold pieces
 40838 | Depths:1 | Bought a scroll of teleportation for 87 gold pieces
 40838 | Depths:1 | Bought a scroll of teleportation for 87 gold pieces
 40947 | Depths:1 | Found a gateway to Hell.
 41431 | Depths:2 | Found Iplageple's Blood Bar.
 41556 | Depths:2 | Reached skill level 24 in Fighting
 41570 | Depths:2 | Noticed a juggernaut
 41574 | Depths:2 | Killed a juggernaut
 41824 | Depths:2 | Found a one-way gate to the infinite horrors of the Abyss.
 41987 | Depths:2 | You fall into a shaft and drop 2 floors!
 41987 | Depths:4 | Entered Level 4 of the Depths
 42166 | Depths:3 | Found a bloodstained altar of Trog.
 42186 | Depths:3 | Found a one-way gateway to a ziggurat.
 42189 | Depths:3 | Noticed an ancient lich
 42200 | Depths:3 | Killed an ancient lich
 42498 | Depths:3 | Reached skill level 21 in Dodging
 43340 | Depths:4 | Reached XP level 26. HP: 231/231 MP: 36/36
 43696 | Depths:4 | Found a gate to the Realm of Zot.
 43823 | Depths:4 | Noticed a juggernaut
 43828 | Depths:4 | Killed a juggernaut
 44080 | Zot:1    | Entered Level 1 of the Realm of Zot
 44564 | Zot:1    | Found a transporter.
 44756 | Zot:1    | Found a runed translucent gate.
 44757 | Zot:1    | Found a runed translucent gate.
 44757 | Zot:1    | Found a runed translucent gate.
 44757 | Zot:1    | Noticed Herr's ghost (veteran MiBe)
 44819 | Zot:1    | Identified the +3 dagger of the Boar {elec, Str+3 Dex+3
                  | Stlth-}
 45660 | Zot:2    | Found a runed translucent door.
 45667 | Zot:2    | Noticed adelrune's ghost (master CoHs)
 46147 | Zot:2    | You fall into a shaft and drop 2 floors!
 46207 | Zot:4    | Reached XP level 27. HP: 208/240 MP: 37/37
 46209 | Zot:4    | Reached skill level 25 in Fighting
 46378 | Zot:3    | Acquired a +5 hand cannon of draining
 46814 | Zot:3    | Found a transporter.
 46922 | Zot:3    | Found a transporter.
 47366 | Zot:4    | Reached skill level 26 in Fighting
 48208 | Zot:5    | Entered Level 5 of the Realm of Zot
 48334 | Zot:5    | Found Deadgh's Changing Room.
 48631 | Zot:5    | Identified the +0 pair of gloves of Cocytus {rCorr Int+2}
 49082 | Zot:5    | Noticed an orb of fire
 49090 | Zot:5    | Killed an orb of fire
 49094 | Zot:5    | Noticed an orb of fire
 49116 | Zot:5    | Killed an orb of fire
 49124 | Zot:5    | Noticed an ancient lich
 49126 | Zot:5    | Killed an ancient lich
 49139 | Zot:5    | Noticed a dread lich
 49143 | Zot:5    | Killed a dread lich
 49172 | Zot:5    | Noticed a dread lich
 49175 | Zot:5    | Reached skill level 24 in Dodging
 49182 | Zot:5    | Killed a dread lich
 49487 | Zot:5    | Noticed an ancient lich
 49490 | Zot:5    | Killed an ancient lich
 49985 | Zot:5    | Got the Orb of Zot
 50224 | Depths:4 | Noticed a seraph
 50427 | Depths:1 | Reached skill level 27 in Fighting
 50670 | D:4      | Noticed Jyergh the pandemonium lord
 50673 | D:4      | Killed Jyergh the pandemonium lord
 50786 | D:$      | Escaped with the Orb!

Illustrated notes

Levels and vault maps discovered:
D:1:      tekkud_arrival_beachfront_property, layout_rooms, serial_corexii_hall,
          corexii_hall_statues_l, corexii_hall_statues_s, reono_crystal_passage
D:2:      layout_basic, shapermc_ecumenical_altar_mp_ritualfount, uniq_robin,
          uniq_terence
D:3:      layout_basic, nicolae_uskayaw_murder_on_the_dancefloor,
          okawaru_altar_gauntlet_db, uniq_jessica
D:4:      layout_basic
D:5:      layout_rooms, xom_confusion_cloud, minmay_temple_entry_statues,
          minmay_ruined_shrine, uniq_eustachio, uniq_pikel, uniq_blork_the_orc
D:6:      layout_rooms, mainiacjoe_overflow_brackets
D:7:      layout_basic, zin_treasury, mainiacjoe_overflow_small_starburst,
          nzn_ghost_randoct, uniq_jeremiah
D:8:      layout_cave_pools, kennysheep_slug_shrine, enter_bailey_4,
          kennysheep_decorative_pillar, hellmonk_guarded_unrand_vines
D:9:      layout_cave_pods, david_lair_generic, serial_column_ruins,
          column_ruins_open_tiny, column_ruins_corridor_straight,
          column_ruins_open_tiny
D:10:     layout_gridville, nicolae_dithmenos_shadow_blocks,
          mainiacjoe_overflow_tiny_flanked, mainiacjoe_overflow_alcove_1,
          fiery_altar_vehumet, david_orc_2, nicolae_rejected_hall
D:11:     lemuel_troll_bridge, layout_basic, minmay_hollow_rounded_squares
D:12:     layout_irregular_city, chequers_serial_rivers_micro_a, minivault_23,
          minivault_16, drop_trap, chequers_serial_rivers_micro_c,
          nicolae_letterblocks [nicolae_letter_subblock,
          nicolae_letter_subblock, nicolae_letter_subblock,
          nicolae_letter_subblock, nicolae_letter_subblock,
          nicolae_letter_subblock, nicolae_letter_subblock,
          nicolae_letter_subblock, nicolae_letter_subblock,
          nicolae_letter_subblock, nicolae_letter_subblock,
          nicolae_letter_subblock, nicolae_letter_subblock,
          nicolae_letter_subblock, nicolae_letter_subblock,
          nicolae_letter_subblock, nicolae_letter_subblock,
          nicolae_letter_subblock, nicolae_letter_subblock,
          nicolae_letter_subblock, nicolae_letter_subblock,
          nicolae_letter_subblock, nicolae_letter_subblock,
          nicolae_letter_subblock, nicolae_letter_subblock]
D:13:     layout_basic
D:14:     regret_index_nemelex_summoning_deck_glade, layout_basic,
          ebering_dispersal_statue_hall
D:15:     grunt_enter_depths_magical_seal, layout_loops_corners, abandoned_shop,
          uniq_louise
Lair:1:   hellmonk_ruined_rings, layout_cellular_growth, serial_bayou_shore_a,
          lemuel_fruit_tree
Lair:2:   layout_gridlike, elwin_shoals_entry_rocks, serial_bayou,
          serial_bayou_ford_a, serial_bayou_lake_a, serial_bayou_lagoon_a,
          serial_bayou_lagoon_b, serial_bayou_pond_e, serial_bayou_pond_a,
          beast_lair_carwin_6
Lair:3:   layout_roguey, nicolae_snake_entry_warm_welcome,
          gammafunk_ghost_cemetery
Lair:4:   layout_layer_cave
Lair:5:   due_jungle_book, layout_gridlike, slime_entry_1,
          kilobyte_rumbling_trees, uniq_snorg, uniq_rupert
Shoals:1: layout_shoals, serial_shops, nicolae_lakefront_shop
Shoals:2: layout_shoals, nicolae_shoals_former_cling_halls
Shoals:3: layout_shoals, serial_shops, shop
Shoals:4: shoals_end_grunt_ice, layout_shoals, shoal_ilsuiw, uniq_mlioglotl
Snake:1:  kennysheep_snake, layout_chambers, nicolae_triple_integral,
          grunt_megastairs_4
Snake:2:  layout_misc_corridors, minmay_shop_star, uniq_jorgrun
Snake:3:  layout_rooms
Snake:4:  grunt_snake_rune_pools, layout_chambers,
          portal_ice_cave_entry_ugly_swarm, serial_shops, statue_bzr,
          basic_altar, serial_library_hellmonk_layered_room,
          hangedman_snake_pattern, guppyfry_library_mini, uniq_aizul,
          uniq_saint_roka
Orc:1:    layout_caves, uniq_maurice
Orc:2:    pf_orc_diabolical, layout_diamond_mine, basic_altar, serial_shops,
          shop, guppyfry_orc_lava_fort
Elf:1:    nicolae_elf_arrival_fired_up, layout_loops_corners,
          hangedman_elf_represent, nicolae_rare_books, feat_on_display
Elf:2:    nicolae_elf_blades_crystal_corner, layout_gridlike,
          infiniplex_enter_wizlab_water
Elf:3:    elf_hall_gauntlet_narrow, layout_geoelf_octagon,
          minmay_misc_feat_cross
Vaults:1: nicolae_vaults_tetromino_L_2, nicolae_vaults_big_ls,
          nicolae_vaults_offset_grid_hallway_1, nicolae_vaults_network_square,
          hangedman_vaults_slice, lightli_orcish_oven,
          nicolae_vaults_variable_pillar_hall, nicolae_vaults_closet_pinwheel_4,
          layout_vaults_chaotic_city, serial_shops,
          nicolae_shop_just_a_little_nook
Vaults:2: portal_desolation_entry_holy_temple, v_misc_28,
          nicolae_vaults_network_s, minmay_crypt_entry_necro_gods,
          nicolae_vaults_frosty_reception, vaults_room_large_hall, v_rooms_2,
          grunt_vaults_hallway_short, vaults_dpeg_spiral,
          nicolae_vaults_little_squares_3, ontoclasm_vaults_gateway,
          nicolae_vaults_apartment_1, ontoclasm_vaults_pinch,
          nicolae_vaults_wine_cellar, grunt_vaults_twisty, layout_vaults_ring,
          serial_shops, shop, uniq_jory
Vaults:3: nicolae_vaults_know_your_exits, hangedman_vaults_maws,
          vaults_room_semicircle, nicolae_vaults_puzzle_piece,
          ontoclasm_vaults_ring_small, nicolae_vaults_ninety_degrees, v_misc_32,
          v_misc_22, nicolae_vaults_diagonal_hallway_7,
          nicolae_vaults_ring_of_whatevers, layout_vaults_big_cross, uniq_xtahua
Vaults:4: grunt_vaults_funnel, v_alt_pattern_2, nicolae_vaults_double_plus_1,
          vaults_dpeg_diagonal, v_misc_27, nicolae_vaults_six-pack, v_misc_29,
          hangedman_vaults_stretched_pinwheel, nicolae_vaults_double_plus_1,
          nicolae_vaults_you_can_take_it_with_you, v_misc_2,
          layout_vaults_quadrants, serial_shops, nicolae_shop_gibbet_a_chance
Vaults:5
Crypt:1:  layout_misc_corridors, basic_altar, serial_glass, glass_columns_b,
          glass_columns_c, feat_on_display, feat_on_display
Crypt:2:  layout_gridlike, amcnicky_mini_pool_small, grunt_megastairs_2
Crypt:3:  quadcrypt_mu, uniq_grunn
Depths:1: layout_basic, grunt_hell_horde, serial_sigils_hangedman_leer,
          serial_shops, shop, nicolae_shop_crystal, shop,
          nicolae_shop_overgrown_old_shop, nicolae_diode_quadrants, uniq_nikola
Depths:2: minmay_the_grid_4x2 [minmay_the_grid_x, minmay_the_grid_outer_circle,
          minmay_the_grid_armoury, minmay_the_grid_minigrid_large,
          minmay_the_grid_slots, minmay_the_grid_holed_spiral,
          minmay_the_grid_embedded, minmay_the_grid_prize_big_room],
          layout_cave_shapes, hangedman_coc_ice_floe, abyss_entry, pan_entry,
          guppyfry_shop_blood, minmay_staircase_bubble
Depths:3: minmay_split_circle, layout_cave_pools, enter_ziggurat_d, abyss_entry,
          pf_dread_powers_of_hell, trog_three_pillars_becter,
          rand_demon_pan_entry_1
Depths:4: evilmike_zot_entry_gauntlet, layout_gridlike, grunt_pan_entry_sceptre,
          serial_library_hellmonk_big_corner, hell_entry
Zot:1:    layout_gridlike, regret_index_zotdec_zees, gammafunk_ghost_split,
          grunt_ministairs_1, nicolae_diode_basic
Zot:2:    layout_gridlike, ebering_ghost_reflecting_pool
Zot:3:    gammafunk_sealed_arena, layout_cathedral_of_symmetry,
          grunt_megastairs_3
Zot:4:    layout_concentric_octagons, regret_index_zotdec_serpentine_scales
Zot:5:    layout_misc_corridors, nicolae_transmutations_shop

Skill      XL: |  1  2  3  4  5  6  7  8  9 10 11 12 13 14 15 16 17 18 19 20 21 22 23 24 25 26 27 |
---------------+----------------------------------------------------------------------------------+-----
Stealth        | 1 3 4 5 6 8 9 |  9.0
Dodging        | 2 3 5 6 8 11 14 15 16 17 20 21 22 24 | 24.0
Ranged Weapons | 4 5 6 8 9 11 12 13 14 15 16 17 18 20 | 20.0
Fighting       | 3 4 5 7 8 11 12 13 15 16 17 18 19 21 22 24 27 | 27.0
Invocations    | 1 2 3 4 5 6 7 9 10 11 13 15 18 20 | 20.2
Evocations     | 5 9 10 12 13 15 | 15.0

Action                     |  1- 3 |  4- 6 |  7- 9 | 10-12 | 13-15 | 16-18 | 19-21 | 22-24 | 25-27 || total
---------------------------+-------+-------+-------+-------+-------+-------+-------+-------+-------++-------
   Fire: Sling             |   126 |   212 |   348 |   844 |  1922 |   851 |   870 |   192 |       ||  5365
         Hand cannon       |       |       |       |       |    52 |   851 |   870 |  1826 |  1902 ||  5501
 Invoke: Grand Finale      |       |       |       |       |     1 |       |       |       |     2 ||     3
Ability: Invent Gizmo      |       |       |       |       |     1 |       |       |       |       ||     1
  Evoke: Condenser vane    |       |       |       |       |       |       |     1 |       |       ||     1
         Wand              |       |       |       |       |       |       |       |     1 |     1 ||     2
    Use: Scroll            |       |    17 |     8 |    12 |    11 |     5 |     5 |     5 |    17 ||    80
         Potion            |       |       |     1 |       |     2 |       |       |     3 |     4 ||    10
 Armour: Leather armour    |     3 |    26 |    38 |       |       |       |       |       |       ||    67
         Steam dragon scal |       |       |       |    20 |       |       |       |       |       ||    20
         Robe              |       |       |       |    52 |   160 |   119 |   138 |   231 |   238 ||   938
  Dodge: Dodged            |     8 |    31 |    17 |    56 |   113 |   152 |   251 |   512 |   596 ||  1736
         Repelled          |       |       |       |       |    25 |    34 |    58 |    37 |    75 ||   229

Table legend: (Time is in decaauts)
 A = Elapsed time spent in this place.
 B = Non-inter-level travel time spent in this place.
 C = Inter-level travel time spent in this place.
 D = Time resting spent in this place.
 E = Time spent auto-exploring this place.
 F = Levels seen in this place.
 G = Mean time per level.
                   A        B        C        D        E       F      G
               +--------+--------+--------+--------+--------+-----+--------+
         Total |  51532 |  46993 |   4539 |   3061 |  33805 |  55 |  936.9 |
       Dungeon |  13240 |  11375 |   1865 |    531 |   8549 |  15 |  882.7 |
          Lair |   4797 |   4271 |    526 |    128 |   3481 |   5 |  959.4 |
        Shoals |   3053 |   2825 |    228 |    236 |   1988 |   4 |  763.2 |
     Snake Pit |   3997 |   3805 |    192 |     40 |   3014 |   4 |  999.2 |
  Orcish Mines |   1590 |   1380 |    210 |    252 |    791 |   2 |  795.0 |
   Elven Halls |   2726 |   2564 |    162 |    141 |   1829 |   3 |  908.7 |
        Vaults |   6598 |   6275 |    323 |    148 |   4721 |   5 | 1319.6 |
         Crypt |   3349 |   3107 |    242 |    308 |   2093 |   3 | 1116.3 |
        Depths |   4250 |   3765 |    485 |    109 |   2924 |   4 | 1062.5 |
           Zot |   6122 |   5819 |    303 |   1147 |   3509 |   5 | 1224.4 |
        Bazaar |     57 |     57 |      0 |      0 |     26 |   1 |   57.0 |
        Bailey |    158 |    158 |      0 |      0 |      0 |   1 |  158.0 |
      Ice Cave |    323 |    323 |      0 |      0 |    121 |   1 |  323.0 |
        Wizlab |    471 |    471 |      0 |      0 |    343 |   1 |  471.0 |
    Desolation |    794 |    794 |      0 |     19 |    413 |   1 |  794.0 |
               +--------+--------+--------+--------+--------+-----+--------+

Top non-repeatable levels by time:
   Zot:5: 1877 daAuts
 Crypt:3: 1769 daAuts
 Snake:1: 1561 daAuts
Vaults:1: 1509 daAuts
   Zot:1: 1468 daAuts
 Snake:4: 1432 daAuts
   Orc:2: 1422 daAuts
    D:10: 1422 daAuts
Vaults:2: 1416 daAuts
Vaults:4: 1369 daAuts
Vaults:5: 1358 daAuts
Depths:4: 1345 daAuts
  Lair:5: 1170 daAuts
     D:4: 1133 daAuts
   Zot:3: 1130 daAuts
